 Dungeon Crawl Stone Soup version 0.28-a0-422-gd71735c (webtiles) character file.

Game seed: 12540206155046815011

6321 Sixotanaka the Spear-Bearer (level 10, -2/63 HPs)
             Began as a Merfolk Ice Elementalist on Sept 8, 2021.
             Was a High Priest of Vehumet.
             Slain by Joseph (21 damage)
             ... on level 9 of the Dungeon.
             The game lasted 00:30:59 (10969 turns).

Sixotanaka the Spear-Bearer (MfIE)                 Turns: 10969, Time: 00:31:00

Health: -2/63      AC: 13    Str:  8    XL:     10   Next: 95%
Magic:  7/13       EV: 19    Int: 15    God:    Vehumet [*****.]
Gold:   78         SH:  5    Dex: 18    Spells: 0/13 levels left

rFire   . . .      SeeInvis .   d - +1 trident
rCold   . . .      Faith    .   b - +0 buckler
rNeg    . . .      Spirit   .   I - +2 leather armour {Will+}
rPois   .          Reflect  .   (no helmet)
rElec   .          Harm     .   r - +2 cloak {Stlth+}
rCorr   .          Rampage  .   (no gloves)
Will    +....                   (no boots)
Stlth   +++.......              (no amulet)
HPRegen 0.20/turn               L - ring of wizardry
MPRegen 0.13/turn               G - +4 ring of evasion

@: ice-armoured, about to teleport, freezing walls, hasted, very quick
A: (nimble swimmer 2), mertail
a: Renounce Religion


You were on level 9 of the Dungeon.
You worshipped Vehumet.
Vehumet was extremely pleased with you.
You visited 1 branch of the dungeon, and saw 9 of its levels.
You also visited: Ossuary.

You collected 330 gold pieces.
You spent 252 gold pieces at shops.

Inventory:

Hand Weapons
 d - a +1 trident (weapon)
Armour
 b - a +0 buckler (worn)
 r - a +2 cloak of stealth (worn)
 t - a +2 robe of willpower
 I - a +2 leather armour of willpower (worn)
Jewellery
 y - a ring of protection from cold
 D - a ring of positive energy
 E - a ring of willpower
 G - a +4 ring of evasion (right hand)
 L - a ring of wizardry (left hand)
 M - an amulet of faith
Wands
 z - a wand of iceblast (28)
 A - a wand of polymorph (9)
 H - a wand of flame (21)
 K - a wand of acid (3)
Scrolls
 l - 4 scrolls of vulnerability
 m - a scroll of summoning {unknown}
 n - 2 scrolls of blinking {unknown}
 p - 5 scrolls of teleportation
 s - 3 scrolls of fear
 u - a scroll of holy word {unknown}
 v - a scroll of enchant weapon
 x - 2 scrolls of enchant armour
 B - 2 scrolls of magic mapping
 F - a scroll of torment {unknown}
Potions
 a - a potion of cancellation {unknown}
 c - 3 potions of mutation
 e - 4 potions of curing
 f - 4 potions of flight
 g - 2 potions of heal wounds {unknown}
 h - 2 potions of haste
 i - a potion of ambrosia {unknown}
 j - a potion of berserk rage
 k - 4 potions of resistance
 o - 3 potions of brilliance
 q - 2 potions of lignification {unknown}
 w - a potion of might {unknown}
 C - a potion of invisibility {unknown}
 J - 2 potions of attraction {unknown}


   Skills:
 + Level 13.9 Polearms
 - Level 7.0 Dodging
 - Level 2.1 Stealth
 - Level 4.0 Shields
 - Level 2.0 Spellcasting
 + Level 1.4 Conjurations
 + Level 12.0 Ice Magic


You couldn't memorise any spells.
You knew the following spells:

 Your Spells              Type           Power      Damage    Failure   Level
a - Freezing Cloud        Conj/Ice/Air   7%         6-21      16%         5
b - Frozen Ramparts       Ice            74%        1d9       1%          3
c - Ozocubu's Armour      Ice            37%        N/A       1%          3
d - Searing Ray           Conj           10%        2d4       3%          2

Your spell library contained the following spells:

 Spells                   Type           Power      Damage    Failure   Level
 Freeze                   Ice            100%       1d11      1%          1
 Hailstorm                Conj/Ice       21%        3d6       2%          4
 Shock                    Conj/Air       12%        1d3       3%          1
 Static Discharge         Conj/Air       3%         N/A       4%          2
 Poisonous Vapours        Pois/Air       2%         N/A       5%          2
 Ice Form                 Ice/Tmut       19%        N/A       11%         4
 Corpse Rot               Necr/Air       N/A        N/A       19%         2
 Slow                     Hex            1%         N/A       19%         2
 Metabolic Englaciation   Hex/Ice        9%         N/A       28%         5
 Confusing Touch          Hex            1%         N/A       34%         3
 Summon Guardian Golem    Hex/Summ       1%         N/A       34%         3
 Iskenderun's Battlesphe  Conj           5%         2d6       43%         5
 Fireball                 Conj/Fire      1%         3d3       50%         5
 Lightning Bolt           Conj/Air       1%         1d12      50%         5
 Yara's Violent Unravell  Hex/Tmut       0%         3d3       58%         5
 Cause Fear               Hex            0%         N/A       75%         4
 Dispel Undead            Necr           1%         3d6       75%         4
 Petrify                  Tmut/Erth      1%         N/A       75%         4
 Simulacrum               Ice/Necr       9%         N/A       82%         6
 Conjure Ball Lightning   Conj/Air       1%         3x3d6     94%         6
 Death Channel            Necr           0%         N/A       100%        6
 Statue Form              Tmut/Erth      0%         N/A       100%        6
 Dragon Form              Tmut           0%         N/A       100%        7
 Orb of Destruction       Conj           2%         9d1       100%        7
 Spellforged Servitor     Conj/Summ      1%         N/A       100%        7
 Maxwell's Capacitive Co  Air            0%         ∞         100%        8
 Dragon's Call            Summ           0%         N/A       100%        9


Dungeon Overview and Level Annotations

Branches:
Dungeon (9/15)             Temple (0/1) D:6         Ossuary (visited)
   Lair: D:8-11         Orc: D:9-12

Altars:
Ashenzari
Dithmenos
Elyvilon
Fedhas
Hepliaklqana
Kikubaaqudgha
Qazlal
Vehumet
The Shining One

Shops:
D:7 ?

Annotations:
D:3 Sigmund
D:4 exclusion: upstairs
D:5 1 runed translucent door, Grinder; Remcycle's ghost, novice MfGl
D:9 Grum; Joseph


Innate Abilities, Weirdness & Mutations

((You are quick and stealthy near water. (Stealth+, EV+, Speed+++)))
Your lower body shifts to a powerful aquatic tail in water.


Message History

The wall freezes Joseph.
You block Joseph's attack.
You hit Joseph but do no damage.
Joseph is lightly wounded.
You puncture Joseph!
Joseph is lightly wounded.
The wall freezes Joseph.
Joseph completely misses you.
You barely miss Joseph.
Joseph is lightly wounded.
The wall freezes Joseph.
You block Joseph's attack.
You hit Joseph.
Joseph is lightly wounded.
You puncture Joseph!
Joseph is moderately wounded.
The wall freezes Joseph.
Joseph hits you with a +0 quarterstaff!
You hit Joseph.
Joseph is moderately wounded.
You hit Joseph.
Joseph is moderately wounded.
The wall freezes Joseph but does no damage.
Joseph hits you with a +0 quarterstaff!
You barely miss Joseph.
Joseph is moderately wounded.
You hit Joseph.
Joseph is moderately wounded.
The wall freezes Joseph.
Joseph misses you.
You hit Joseph.
Joseph is heavily wounded.
The wall freezes Joseph.
Joseph hits you with a +0 quarterstaff!!
* * * LOW HITPOINT WARNING * * *
Unknown command.
Okay, then.
You can't see any enemies this would affect, really read the scroll of fear?
Okay, then.
As you read the scroll of teleportation, it crumbles to dust.
You feel strangely unstable.
The wall freezes Joseph.
Joseph closely misses you.
You feel better.
The wall freezes Joseph!
Joseph hits you with a +0 quarterstaff!!
You die...

# #. ##.. .....
######## #....#####
#......# #........###
#......#
#....###...###......#
#.@. ###...#......#
#.. ###@@......# #.
###......# # ###'####
##.# ##..# #..## #.##
##.# #..#


You could see Joseph (berserk).

Vanquished Creatures
  2 two-headed ogres (D:9)
  Pikel (D:3)
  A hornet (D:7)
  Prince Ribbit (D:5)
  A wyvern (D:8)
  Eustachio (D:6)
  3 steam dragons
  Edmund (D:6)
  2 water moccasins
  2 orc warriors
  3 ice beasts
  A hornet zombie (D:6)
  2 ogres
  2 centaurs
  4 necrophages
  A wolf (D:9)
  A lemure (D:3)
  A kobold brigand (D:6)
  2 bullfrogs (D:6)
  4 water moccasin zombies (Ossuary)
  A wyvern skeleton (D:5)
  2 water moccasin skeletons (D:5)
  6 killer bees (D:8)
  3 wights (D:8)
  3 howler monkeys
  A bullfrog zombie (D:6)
  5 centaur zombies
  2 jellies
  5 orc priests
  A bullfrog skeleton (D:6)
  Jessica (D:3)
  4 iguanas
  An orc wizard (D:7)
  Terence (D:2)
  A hound zombie (D:5)
  A hound skeleton (D:5)
  2 mummies (Ossuary)
  Robin (D:2)
  A howler monkey zombie (D:6)
  2 howler monkey skeletons
  5 white imps
  An ufetubus (D:7)
  7 adder zombies (Ossuary)
  An adder skeleton (D:4)
  A worm (D:4)
  A dart slug (D:2)
  10 orcs
  6 ball pythons
  3 bats
  4 endoplasms
  2 giant cockroaches (D:2)
  7 gnoll zombies (Ossuary)
  13 goblins
  8 hobgoblins
  9 jackals
  4 kobolds
  5 quokkas
  3 frilled lizards
  3 hobgoblin zombies (Ossuary)
  3 kobold zombies (Ossuary)
  4 orc zombies (Ossuary)
  2 rats
182 creatures vanquished.

Notes
Turn   | Place    | Note
-------+----------+-------------------------------------------
     0 | D:1      | Sixotanaka the Merfolk Ice Elementalist began the quest for
                  | the Orb.
     0 | D:1      | Reached XP level 1. HP: 13/13 MP: 3/3
   128 | D:1      | Found a faded altar of an unknown god.
   168 | D:1      | Became a worshipper of Vehumet
   168 | D:1      | Reached * piety under Vehumet
   168 | D:1      | Offered knowledge of Shock by Vehumet.
   243 | D:1      | Reached skill level 1 in Polearms
   243 | D:1      | Reached XP level 2. HP: 19/19 MP: 0/5
   763 | D:2      | Reached skill level 2 in Polearms
   789 | D:2      | Noticed Terence
   951 | D:1      | Learned a level 1 spell: Shock
   957 | D:2      | Reached skill level 5 in Ice Magic
  1003 | D:2      | Found a shadowy altar of Dithmenos.
  1012 | D:2      | Reached XP level 3. HP: 24/24 MP: 6/6
  1078 | D:2      | Reached ** piety under Vehumet
  1078 | D:2      | Offered knowledge of Searing Ray by Vehumet.
  1254 | D:2      | Reached skill level 3 in Polearms
  1378 | D:2      | Noticed Robin
  1404 | D:2      | Killed Robin
  1405 | D:2      | Reached XP level 4. HP: 24/30 MP: 1/7
  1786 | D:1      | Learned a level 3 spell: Frozen Ramparts
  1789 | D:1      | Learned a level 2 spell: Searing Ray
  1797 | D:2      | Killed Terence
  2211 | D:3      | Reached skill level 4 in Polearms
  2497 | D:3      | Reached skill level 1 in Shields
  2497 | D:3      | Reached XP level 5. HP: 15/35 MP: 2/8
  2894 | D:3      | Noticed Jessica
  2898 | D:3      | Killed Jessica
  2970 | D:3      | Noticed Sigmund
  3023 | D:4      | Noticed Pikel
  3023 | D:4      | Noticed a lemure
  3035 | D:3      | Reached skill level 5 in Polearms
  3035 | D:3      | Reached XP level 6. HP: 21/41 MP: 2/9
  3387 | D:3      | Killed Pikel
  3388 | D:3      | Reached skill level 6 in Polearms
  3388 | D:3      | Reached XP level 7. HP: 22/46 MP: 7/10
  3437 | D:4      | Found a sand-covered staircase.
  3444 | Ossuary  | Entered an ossuary
  3553 | Ossuary  | Learned a level 3 spell: Ozocubu's Armour
  3604 | Ossuary  | Offered knowledge of Conjure Flame by Vehumet.
  3637 | Ossuary  | Reached skill level 7 in Polearms
  3854 | Ossuary  | Reached *** piety under Vehumet
  3904 | Ossuary  | Reached XP level 8. HP: 52/52 MP: 7/11
  4048 | D:4      | Reached skill level 8 in Polearms
  4138 | D:4      | Offered knowledge of Iskenderun's Mystic Blast by Vehumet.
  4369 | D:4      | Found a blossoming altar of Fedhas.
  4370 | D:4      | Found an ancient bone altar of Kikubaaqudgha.
  4370 | D:4      | Found a radiant altar of Vehumet.
  4371 | D:4      | Found a broken altar of Ashenzari.
  4372 | D:4      | Found a glowing golden altar of the Shining One.
  4372 | D:4      | Found a white marble altar of Elyvilon.
  4656 | D:5      | Entered Level 5 of the Dungeon
  4691 | D:5      | Noticed Prince Ribbit
  4704 | D:5      | Killed Prince Ribbit
  4913 | D:5      | Reached skill level 9 in Polearms
  5118 | D:5      | Found a hazy altar of Hepliaklqana.
  5186 | D:5      | Found a stormy altar of Qazlal.
  5458 | D:5      | Found a runed translucent door.
  5461 | D:5      | Noticed Remcycle's ghost (novice MfGl)
  5793 | D:5      | Noticed Grinder
  5867 | D:5      | Reached skill level 10 in Polearms
  5867 | D:5      | Reached XP level 9. HP: 57/57 MP: 10/12
  6098 | D:6      | Noticed Edmund
  6114 | D:6      | Killed Edmund
  6389 | D:6      | Reached skill level 11 in Polearms
  6737 | D:6      | Reached skill level 10 in Ice Magic
  6866 | D:6      | Found a staircase to the Ecumenical Temple.
  6924 | D:6      | Reached **** piety under Vehumet
  7008 | D:6      | Noticed Eustachio
  7041 | D:6      | Killed Eustachio
  7042 | D:6      | Reached skill level 12 in Polearms
  7339 | D:6      | Offered knowledge of Yara's Violent Unravelling by Vehumet.
  7815 | D:7      | Found Heutakk's Magic Scroll Boutique.
  7886 | D:7      | Bought a scroll of magic mapping for 49 gold pieces
  7886 | D:7      | Bought a scroll of enchant armour for 105 gold pieces
  7886 | D:7      | Bought a scroll of identify for 28 gold pieces
  7886 | D:7      | Bought a scroll of identify for 28 gold pieces
  7886 | D:7      | Bought a scroll of teleportation for 42 gold pieces
  7908 | D:7      | Reached XP level 10. HP: 63/63 MP: 8/13
  9292 | D:8      | Reached skill level 5 in Dodging
  9378 | D:8      | Reached skill level 13 in Polearms
  9990 | D:8      | Reached ***** piety under Vehumet
 10457 | D:9      | Noticed a two-headed ogre
 10479 | D:9      | Killed a two-headed ogre
 10479 | D:9      | Offered knowledge of Freezing Cloud by Vehumet.
 10532 | D:8      | Learned a level 5 spell: Freezing Cloud
 10554 | D:9      | Noticed Grum
 10607 | D:9      | Noticed a two-headed ogre
 10627 | D:9      | Killed a two-headed ogre
 10628 | D:9      | Reached skill level 1 in Conjurations
 10902 | D:9      | Noticed Joseph
 10969 | D:9      | Slain by Joseph

Illustrated notes

Levels and vault maps discovered:
D:1:      dpeg_arrival_boxorama, layout_basic,
          hellmonk_ecumenical_altar_lost_god
D:2:      layout_loops_ring, basic_altar, minmay_liquid_box, uniq_robin,
          uniq_terence
D:3:      layout_loops_cross, uniq_jessica, uniq_sigmund
D:4:      layout_cave_pools, grunt_temple_overflow_open,
          nicolae_ossuary_entry_ruins, uniq_pikel
D:5:      layout_basic, nicolae_qazlal_scattered_showers,
          nicolae_hepliaklqana_hippocampus, hellmonk_ghost_happy_afterlife,
          item_on_display_a, uniq_prince_ribbit1, uniq_grinder
D:6:      minmay_spotlight, layout_rooms, minmay_temple_entry_butterflies,
          uniq_edmund, uniq_eustachio
D:7:      layout_basic, serial_shops, shop
D:8:      layout_gridville
D:9:      layout_roguey, uniq_joseph, uniq_grum

Skill      XL: |  1  2  3  4  5  6  7  8  9 10 |
---------------+-------------------------------+-----
Polearms       | 1 2 3 4 5 6 7 10 12 13 | 13.9
Ice Magic      | 5 6 7 9 10 12 | 12.0
Shields        | 1 3 4 |  4.0
Dodging        | 3 7 |  7.0
Conjurations   | 1 |  1.4
Stealth        | |  2.1
Spellcasting   | |  2.0

Action                   |  1- 3 |  4- 6 |  7- 9 | 10-12 || total
-------------------------+-------+-------+-------+-------++-------
Melee: Trident           |    44 |    42 |   570 |   134 ||   790
 Cast: Freeze            |    26 |    26 |    17 |    33 ||   102
       Shock             |     4 |     5 |    10 |       ||    19
       Frozen Ramparts   |       |     3 |    14 |    13 ||    30
       Ozocubu's Armour  |       |       |    22 |    17 ||    39
  Use: Scroll            |     1 |       |     9 |     6 ||    16
       Potion            |       |       |     1 |     3 ||     4
 Stab: Sleeping          |     2 |     9 |    15 |     3 ||    29
       Distracted        |       |     1 |     2 |     3 ||     6
Armor: Robe              |    10 |     8 |   143 |       ||   161
       Leather armour    |       |       |    11 |    36 ||    47
Dodge: Dodged            |    43 |    36 |   301 |    87 ||   467
Block: Buckler           |       |       |    15 |    36 ||    51

Table legend: (Time is in decaauts)
 A = Elapsed time spent in this place.
 B = Non-inter-level travel time spent in this place.
 C = Inter-level travel time spent in this place.
 D = Time resting spent in this place.
 E = Time spent auto-exploring this place.
 F = Levels seen in this place.
 G = Mean time per level.
                   A        B        C        D        E       F      G
               +--------+--------+--------+--------+--------+-----+--------+
         Total |  10834 |  10589 |    245 |   3489 |   4973 |  10 | 1083.4 |
       Dungeon |  10285 |  10040 |    245 |   3244 |   4936 |   9 | 1142.8 |
       Ossuary |    548 |    548 |      0 |    245 |     37 |   1 |  548.0 |
               +--------+--------+--------+--------+--------+-----+--------+

Top non-repeatable levels by time:
     D:7: 1582 daAuts
     D:5: 1425 daAuts
     D:6: 1367 daAuts
     D:8: 1326 daAuts
     D:3: 1286 daAuts
     D:2: 1223 daAuts
     D:1: 907 daAuts
     D:4: 687 daAuts
 Ossuary: 548 daAuts
     D:9: 479 daAuts
